[ AOE2 MATCH · #479250584 ]
1v1 RMGoths vs Maya
Player's team · LOSS
Rival team · WIN
[ REPLAY ANALYSIS · EXTRACTED FROM THE RECORDED GAME ]
Feudal
13:39
Castle
23:14
Imperial
45:28
| APM avg | 26.8 |
| APM peak | 108 |
| eAPM avg | 20.3 |
| Villagers / military | 142 / 1525 |
Focus
⚔️ 59.9% · 🌾 40.1%
Skirmisher ×464 · Scout Cavalry ×440 · Spearman ×246 · Huskarl ×165 · Archer ×60 · Knight ×53
Feudal
9:47
Castle
25:45
Imperial
41:46
| APM avg | 14.8 |
| APM peak | 150 |
| eAPM avg | 9.9 |
| Villagers / military | 108 / 520 |
Focus
⚔️ 46.8% · 🌾 53.2%
Militia ×164 · Eagle Scout ×141 · Plumed Archer ×117 · Spearman ×56 · Trebuchet (Packed) ×19 · Petard ×14
Match map
Initial resources + every placement click. Lines = walls · curves = elevation contours. ◆ gold · ⬟ stone · ● berries · ✦ relic · ◌ wall gap
Your base· ✓ Closed at 23:14 · 15t walls · 2 gate(s)
special sauce's base· ✓ Closed at 25:45 · 0t walls · 3 gate(s)
Smoothed initial terrain · ◌ = detected wall gap · hover for details
Inputs per minute
— killerxls - - special sauce
Build order — killerxls
First 150 of 1925 actions detected
| 0:23 | Research | Loom |
| 0:23 | Create | Villager (Male) |
| 0:23 | Create | Villager (Male) |
| 0:24 | Create | Villager (Male) |
| 0:24 | Create | Villager (Male) |
| 0:24 | Create | Villager (Male) |
| 1:03 | Build | House |
| 1:13 | Build | House |
| 1:16 | Build | House |
| 1:20 | Build | House |
| 1:55 | Create | Villager (Male) |
| 1:56 | Create | Villager (Male) |
| 3:02 | Create | Villager (Male) |
| 3:03 | Create | Villager (Male) |
| 3:03 | Create | Villager (Male) |
| 3:31 | Create | Villager (Male) |
| 3:44 | Build | Mill |
| 4:06 | Create | Villager (Male) |
| 4:06 | Create | Villager (Male) |
| 4:07 | Create | Villager (Male) |
| 4:49 | Create | Villager (Male) |
| 4:49 | Create | Villager (Male) |
| 5:02 | Create | Villager (Male) |
| 5:03 | Create | Villager (Male) |
| 5:28 | Create | Villager (Male) |
| 5:28 | Create | Villager (Male) |
| 5:29 | Create | Villager (Male) |
| 5:30 | Create | Villager (Male) |
| 6:48 | Create | Villager (Male) |
| 6:48 | Create | Villager (Male) |
| 6:48 | Create | Villager (Male) |
| 6:48 | Create | Villager (Male) |
| 6:49 | Create | Villager (Male) |
| 6:49 | Create | Villager (Male) |
| 7:49 | Build | Lumber Camp |
| 7:58 | Create | Villager (Male) |
| 7:58 | Create | Villager (Male) |
| 7:58 | Create | Villager (Male) |
| 8:17 | Create | Villager (Male) |
| 8:17 | Create | Villager (Male) |
| 8:17 | Create | Villager (Male) |
| 9:07 | Create | Villager (Male) |
| 9:08 | Create | Villager (Male) |
| 9:08 | Create | Villager (Male) |
| 10:20 | Build | Mill |
| 11:25 | Research | Feudal Age |
| 12:10 | Create | Villager (Male) |
| 12:10 | Create | Villager (Male) |
| 12:10 | Create | Villager (Male) |
| 12:10 | Create | Villager (Male) |
| 12:11 | Create | Villager (Male) |
| 12:11 | Create | Villager (Male) |
| 12:11 | Create | Villager (Male) |
| 12:11 | Create | Villager (Male) |
| 12:11 | Create | Villager (Male) |
| 12:12 | Create | Villager (Male) |
| 12:22 | Build | Mining Camp |
| 12:38 | Create | Villager (Male) |
| 12:39 | Create | Villager (Male) |
| 12:39 | Create | Villager (Male) |
| 12:39 | Create | Villager (Male) |
| 12:40 | Create | Villager (Male) |
| 12:51 | Create | Villager (Male) |
| 12:51 | Create | Villager (Male) |
| 13:20 | Build | Mining Camp |
| 13:39 | Age | Feudal Age |
| 13:45 | Build | House |
| 13:48 | Build | House |
| 13:53 | Build | House |
| 13:56 | Build | House |
| 14:09 | Build | House |
| 14:34 | Build | House |
| 14:35 | Build | House |
| 14:37 | Build | House |
| 15:08 | Build | Palisade Wall |
| 15:13 | Build | Palisade Wall |
| 17:07 | Build | Barracks |
| 18:17 | Research | Town Watch |
| 18:18 | Research | Wheelbarrow |
| 18:26 | Research | Double-Bit Axe |
| 19:08 | Build | Archery Range |
| 19:46 | Build | Stable |
| 20:34 | Research | Castle Age |
| 20:50 | Build | House |
| 20:51 | Build | House |
| 20:52 | Build | House |
| 20:54 | Build | House |
| 20:56 | Build | House |
| 20:57 | Build | House |
| 20:58 | Build | House |
| 21:00 | Build | House |
| 21:01 | Build | House |
| 21:02 | Build | House |
| 21:05 | Build | House |
| 21:43 | Create | Archer |
| 21:43 | Create | Archer |
| 21:44 | Create | Archer |
| 21:44 | Create | Archer |
| 21:44 | Create | Archer |
| 21:44 | Create | Archer |
| 21:45 | Create | Archer |
| 21:45 | Create | Archer |
| 21:45 | Create | Archer |
| 21:45 | Create | Archer |
| 21:46 | Create | Archer |
| 22:43 | Build | Farm |
| 22:43 | Build | Farm |
| 22:43 | Build | Farm |
| 22:43 | Build | Farm |
| 22:43 | Build | Farm |
| 22:44 | Build | Farm |
| 22:44 | Build | Farm |
| 22:44 | Build | Farm |
| 22:44 | Build | Farm |
| 22:44 | Build | Farm |
| 22:45 | Build | Farm |
| 22:45 | Build | Farm |
| 23:14 | Age | Castle Age |
| 24:35 | Build | Castle |
| 24:56 | Build | Castle |
| 25:11 | Build | Palisade Wall |
| 26:24 | Create | Villager (Male) |
| 26:24 | Create | Villager (Male) |
| 26:25 | Create | Villager (Male) |
| 26:25 | Create | Villager (Male) |
| 26:25 | Create | Villager (Male) |
| 26:25 | Create | Villager (Male) |
| 26:26 | Create | Villager (Male) |
| 26:26 | Create | Villager (Male) |
| 26:26 | Create | Villager (Male) |
| 26:26 | Create | Villager (Male) |
| 26:27 | Create | Villager (Male) |
| 26:27 | Create | Villager (Male) |
| 26:27 | Create | Villager (Male) |
| 26:27 | Create | Villager (Male) |
| 27:25 | Research | Crossbowman (upgrade) |
| 28:16 | Build | Palisade Wall |
| 28:35 | Create | Huskarl |
| 28:37 | Create | Huskarl |
| 28:39 | Create | Huskarl |
| 28:40 | Create | Huskarl |
| 29:52 | Build | Farm |
| 29:55 | Build | Farm |
| 30:25 | Build | Palisade Wall |
| 30:46 | Create | Huskarl |
| 30:46 | Create | Huskarl |
| 30:48 | Create | Huskarl |
| 30:48 | Create | Huskarl |
| 30:51 | Create | Huskarl |
| 30:52 | Create | Huskarl |
Build order — special sauce
First 150 of 782 actions detected
| 0:03 | Create | Villager (Male) |
| 0:03 | Create | Villager (Male) |
| 0:07 | Build | House |
| 0:12 | Build | House |
| 0:42 | Build | Mill |
| 0:47 | Create | Villager (Male) |
| 1:54 | Create | Villager (Male) |
| 2:38 | Create | Villager (Male) |
| 3:39 | Create | Villager (Male) |
| 3:40 | Create | Villager (Male) |
| 3:51 | Create | Villager (Male) |
| 4:20 | Create | Villager (Male) |
| 4:52 | Create | Villager (Male) |
| 5:13 | Create | Villager (Male) |
| 5:34 | Create | Villager (Male) |
| 5:52 | Create | Villager (Male) |
| 6:17 | Build | Lumber Camp |
| 6:27 | Create | Villager (Male) |
| 7:20 | Build | House |
| 7:37 | Research | Feudal Age |
| 9:47 | Age | Feudal Age |
| 10:01 | Build | Mining Camp |
| 10:13 | Build | Mining Camp |
| 10:17 | Create | Villager (Male) |
| 10:21 | Research | Wheelbarrow |
| 10:22 | Create | Villager (Male) |
| 10:22 | Create | Villager (Male) |
| 10:26 | Create | Villager (Male) |
| 10:33 | Research | Double-Bit Axe |
| 10:38 | Research | Horse Collar |
| 11:05 | Research | Gold Mining |
| 11:06 | Research | Stone Mining |
| 11:37 | Build | House |
| 12:15 | Create | Villager (Male) |
| 12:32 | Create | Villager (Male) |
| 12:41 | Build | House |
| 13:03 | Build | Barracks |
| 13:15 | Create | Villager (Male) |
| 13:19 | Build | House |
| 13:21 | Build | House |
| 13:42 | Build | Market |
| 13:47 | Create | Villager (Male) |
| 14:01 | Create | Villager (Male) |
| 14:19 | Build | Mining Camp |
| 14:22 | Create | Villager (Male) |
| 15:00 | Build | Farm |
| 15:01 | Build | Farm |
| 15:16 | Build | House |
| 15:22 | Build | Farm |
| 15:31 | Build | Farm |
| 15:34 | Create | Villager (Male) |
| 15:46 | Build | Farm |
| 16:07 | Build | Farm |
| 16:22 | Build | House |
| 16:28 | Create | Villager (Male) |
| 16:34 | Build | Farm |
| 16:47 | Create | Villager (Male) |
| 16:56 | Build | Farm |
| 17:13 | Create | Villager (Male) |
| 17:21 | Build | House |
| 17:32 | Build | Blacksmith |
| 17:37 | Create | Villager (Male) |
| 18:03 | Build | Mill |
| 18:06 | Create | Villager (Male) |
| 18:26 | Create | Villager (Male) |
| 18:40 | Create | Militia |
| 18:40 | Create | Militia |
| 18:58 | Build | Farm |
| 18:59 | Build | Farm |
| 19:04 | Build | Farm |
| 19:10 | Create | Villager (Male) |
| 19:19 | Create | Spearman |
| 19:35 | Build | House |
| 19:41 | Create | Militia |
| 19:42 | Create | Spearman |
| 19:49 | Build | Farm |
| 19:59 | Create | Villager (Male) |
| 20:18 | Create | Villager (Male) |
| 20:35 | Build | Farm |
| 20:50 | Build | House |
| 20:51 | Build | House |
| 20:56 | Build | Farm |
| 21:00 | Research | Man-at-Arms (upgrade) |
| 21:01 | Create | Militia |
| 21:02 | Create | Spearman |
| 21:06 | Create | Villager (Male) |
| 21:24 | Create | Villager (Male) |
| 21:36 | Build | Farm |
| 21:39 | Create | Villager (Male) |
| 21:52 | Create | Militia |
| 21:58 | Create | Spearman |
| 22:02 | Build | Farm |
| 23:05 | Research | Castle Age |
| 23:34 | Build | House |
| 23:36 | Build | House |
| 23:44 | Build | Barracks |
| 24:13 | Create | Spearman |
| 24:15 | Create | Militia |
| 24:25 | Create | Militia |
| 24:36 | Research | Forging |
| 24:37 | Research | Scale Mail Armor |
| 25:23 | Build | Archery Range |
| 25:45 | Age | Castle Age |
| 25:46 | Research | Hand Cart |
| 25:52 | Create | Villager (Male) |
| 25:52 | Create | Villager (Male) |
| 25:58 | Research | Stone Shaft Mining |
| 26:17 | Build | Castle |
| 26:21 | Research | Long Swordsman (upgrade) |
| 26:27 | Create | Villager (Male) |
| 26:39 | Create | Villager (Male) |
| 27:07 | Research | Squires |
| 27:26 | Build | Lumber Camp |
| 27:32 | Research | Bow Saw |
| 27:54 | Research | Heavy Plow |
| 27:57 | Create | Villager (Male) |
| 28:05 | Build | Archery Range |
| 28:13 | Create | Villager (Male) |
| 28:40 | Create | Plumed Archer |
| 28:40 | Create | Plumed Archer |
| 28:40 | Create | Plumed Archer |
| 28:40 | Create | Plumed Archer |
| 28:41 | Create | Plumed Archer |
| 28:45 | Research | Pikeman (upgrade) |
| 29:11 | Build | Monastery |
| 29:32 | Build | Mill |
| 29:49 | Build | Archery Range |
| 29:52 | Research | Crossbowman (upgrade) |
| 29:55 | Research | Arson |
| 29:56 | Research | Eagle Warrior (upgrade) |
| 30:18 | Create | Petard |
| 30:19 | Create | Petard |
| 30:32 | Create | Villager (Male) |
| 30:51 | Create | Militia |
| 30:51 | Create | Militia |
| 30:56 | Create | Plumed Archer |
| 30:58 | Create | Plumed Archer |
| 31:14 | Build | Farm |
| 31:16 | Build | Farm |
| 31:27 | Create | Monk |
| 31:32 | Build | House |
| 31:36 | Create | Villager (Male) |
| 31:52 | Build | Farm |
| 31:58 | Create | Petard |
| 31:59 | Create | Petard |
| 31:59 | Create | Petard |
| 32:00 | Create | Petard |
| 32:00 | Create | Petard |
| 32:00 | Create | Petard |
| 32:07 | Create | Spearman |
Match timeline
| 9:47 | special sauce · age_up feudal |
| 13:03 | special sauce · first_building Barracks |
| 13:39 | killerxls · age_up feudal |
| 15:08 | killerxls · wall_segment Palisade Wall x11 |
| 15:13 | killerxls · wall_segment Palisade Wall x4 |
| 17:07 | killerxls · first_building Barracks |
| 19:08 | killerxls · first_building Archery Range |
| 19:46 | killerxls · first_building Stable |
| 22:39 | special sauce · first_market_sell 100 wood |
| 22:44 | special sauce · first_market_buy 100 food |
| 23:14 | killerxls · age_up castle |
| 24:35 | killerxls · first_building Castle |
| 25:11 | killerxls · wall_segment Palisade Wall x81 |
| 25:23 | special sauce · first_building Archery Range |
| 25:45 | special sauce · age_up castle |
| 26:17 | special sauce · first_building Castle |
| 28:16 | killerxls · wall_segment Palisade Wall x31 |
| 29:11 | special sauce · first_building Monastery |
| 30:25 | killerxls · wall_segment Palisade Wall x25 |
| 35:21 | killerxls · wall_segment Palisade Wall x46 |
| 36:27 | killerxls · first_market_buy 100 stone |
| 36:42 | killerxls · wall_segment Palisade Wall x5 |
| 41:46 | special sauce · age_up imperial |
| 43:08 | killerxls · wall_segment Palisade Wall x17 |
| 45:28 | killerxls · age_up imperial |
| 45:38 | killerxls · first_market_sell 100 stone |
| 46:06 | killerxls · wall_segment Palisade Wall x17 |
| 46:13 | killerxls · wall_segment Palisade Wall x29 |
| 67:32 | killerxls · first_building Siege Workshop |
| 68:31 | special sauce · wall_segment Stone Wall x6 |
| 93:11 | special sauce · wall_segment Stone Wall x5 |
| 103:08 | special sauce · wall_segment Stone Wall x16 |
| 112:59 | killerxls · wall_segment Palisade Wall x11 |
| 114:53 | special sauce · wall_segment Stone Wall x10 |
| 120:14 | special sauce · wall_segment Stone Wall x4 |
| 123:06 | special sauce · wall_segment Stone Wall x3 |
| 129:42 | special sauce · wall_segment Stone Wall x7 |
| 131:01 | special sauce · wall_segment Stone Wall x6 |
| 132:20 | special sauce · wall_segment Stone Wall x5 |
| 133:07 | special sauce · wall_segment Stone Wall x6 |
| 146:01 | special sauce · wall_segment Stone Wall x5 |
| 146:35 | special sauce · wall_segment Stone Wall x1 |
| 146:45 | special sauce · wall_segment Stone Wall x13 |
| 148:29 | special sauce · wall_segment Stone Wall x12 |
| 156:29 | killerxls · wall_segment Palisade Wall x2 |
| 156:39 | killerxls · wall_segment Palisade Wall x1 |
| 157:08 | special sauce · wall_segment Stone Wall x10 |
| 157:55 | special sauce · wall_segment Stone Wall x5 |
| 166:01 | special sauce · wall_segment Stone Wall x6 |
| 167:40 | killerxls · resign |
[ AI ANALYSIS · 1 CREDIT ]
What really happened in this match?
Wolo.gg analyzes every decision: build order, eco, micro, common mistakes by bracket. Personalized analysis on WhatsApp or Discord in 30 seconds.
Civ guide
Goths
Map guide
Arena
Perfil
killerxls